 Dungeon Crawl Stone Soup version 0.19-a0-1786-g230130f (webtiles) character file.

2660 4thArraOfDagon the Grappler (level 9, 42/80 HPs)
             Began as a Troll Monk on Oct 3, 2016.
             Quit the game on level 3 of the Lair of Beasts.
             The game lasted 00:07:58 (1726 turns).

4thArraOfDagon the Grappler (Troll Monk)            Turns: 1726, Time: 00:07:59

Health: 42/80      AC:  8    Str: 21    XL:     9   Next: 36%
Magic:  8/8        EV:  7    Int:  9    God:
Gold:   93         SH: 15    Dex: 12    Spells: 1 memorised, 3 levels left

rFire  . . .     SeeInvis .       - Unarmed
rCold  . . .     Gourm    +     a - +1 robe
rNeg   . . .     Faith    .     d - +0 large shield
rPois  .         Spirit   .     (helmet restricted)
rElec  .         Dismiss  .     (no cloak)
rCorr  .         Reflect  .     (gloves unavailable)
MR     .....     Harm     .     (boots unavailable)
Stlth  ..........               (no amulet)
                                A - ring of loudness (curse)
                                t - +2 ring of dexterity

@: no status effects
A: unfitting armour, antennae 1, claws 3, molten scales 1, clumsy 1, fast
metabolism 3, gourmand, regeneration 1, shaggy fur 1, tough skin 2
a: no special abilities


You were on level 3 of the Lair of Beasts.
You were full.

You visited 2 branches of the dungeon, and saw 12 of its levels.
You also visited: Ossuary.

You collected 113 gold pieces.
You spent 20 gold pieces at shops.

Inventory:

Hand Weapons
 y - the +1 trident of the Hells {holy, +Rage MR+ Int+4 Dex+3, unknown}
   (You found it on level 9 of the Dungeon)

   It has been blessed by the Shining One to cause great damage to the undead
   and demons.
   It affects your intelligence (+4).
   It affects your dexterity (+3).
   It affects your resistance to hostile enchantments.
   It lets you go berserk.
Missiles
 e - a throwing net (quivered)
Armour
 a - a +1 robe (worn)
 d - a +0 large shield (worn)
Jewellery
 t - a +2 ring of dexterity (left claw)
 A - a cursed ring of loudness (right claw)
Wands
 u - a wand of paralysis (13/24)
 x - a wand of paralysis (7/24)
Scrolls
 c - 2 scrolls of identify
 f - a scroll of enchant armour
 g - 2 scrolls of noise
 h - a scroll of amnesia {unknown}
 k - a scroll of random uselessness {unknown}
 m - a scroll of enchant weapon {unknown}
 p - a scroll of fog {unknown}
 q - 2 scrolls of teleportation
 r - a scroll of recharging {unknown}
 s - 3 scrolls of remove curse
 v - a scroll of immolation {unknown}
Potions
 i - 3 potions of lignification {unknown}
 j - 2 potions of curing
 l - a potion of heal wounds {unknown}
 n - a potion of might {unknown}
 o - a potion of haste
 w - a potion of brilliance {unknown}
 B - a potion of degeneration {unknown}
Comestibles
 b - 3 bread rations
 z - a meat ration


   Skills:
 - Level 2.4 Fighting
 - Level 2.4 Dodging
 - Level 1.1 Stealth
 + Level 5.4 Shields
 * Level 11.2 Unarmed Combat


You had 3 spell levels left.
You knew the following spells:

 Your Spells              Type           Power        Failure   Level  Hunger
a - Blade Hands           Tmut           #.........   100%        5    ######.


Dungeon Overview and Level Annotations

Branches:
Dungeon (9/15)               Lair (3/6) D:9          Shoals (0/4) Lair:3
 Temple: D:4-7        Snake: Lair:2-4    Spider: Lair:2-4       Orc: D:9-12

Altars:

Shops:
D:7 ?


Innate Abilities, Weirdness & Mutations

You are too large for most types of armour.
You have claws for hands.
Your metabolism is lightning-fast.
You like to eat raw meat.
Your natural rate of healing is unusually fast.
You are covered in fur. (AC +1)
You have very tough skin. (AC +2)
You have a pair of small antennae on your head.
You are partially covered in molten scales. (AC +2)
You are clumsy. (Dex -2)


Message History

It was a potion of curing.
You feel better.
Okay, then.
Found 20 gold pieces.
A river rat comes into view.
Unknown command.
You block the river rat's attack.
You barely miss the river rat.
The death yak bellows!
The river rat bites you but does no damage.
You closely miss the river rat. You block the river rat's attack.
Unknown command.
You claw the river rat!
The river rat is almost dead.
You block the river rat's attack.
You scratch the river rat but do no damage.
The river rat is almost dead.
The river rat bites you.
A river rat comes into view.
Unknown command.
Are you sure you want to abandon this character and quit the game? (Confirm with "yes".)

.....# ##............#
......#. ##............##
.......## ##.............#
........# #P............##
........## ##.............#
## .<.......#
#P....Y.......###.#
..........
#.............##..#
..........
##...r.....#........
..........
#..@.r...#..........
..........
##..##..###....†...#
##..######
#P.###.#P.....###.. ###(.#
#### ###.....P# .# # ###
############....### # ######
##.##.#P.#.#.....##
.....#####.#...............#
..........................##
...............###........#


You could see a death yak and 2 river rats.

Vanquished Creatures
  A black mamba (Lair:3)
  Prince Ribbit (D:7)
  A hippogriff (Lair:1)
  3 water moccasins
  2 porcupines
  A sky beast (D:7)
  An ice beast (D:7)
  2 ogres (D:7)
  A big kobold (D:9)
  A wyvern zombie (Ossuary)
  A water moccasin zombie (Ossuary)
  A scorpion (D:9)
  3 howler monkeys
  2 crimson imps
  2 bullfrog zombies (Ossuary)
  A centaur zombie (Ossuary)
  2 hounds
  A quasit (D:9)
  3 killer bee zombies (Ossuary)
  2 hound zombies (Ossuary)
  15 mummies
  2 worker ant zombies (Ossuary)
  A howler monkey zombie (Ossuary)
  A howler monkey skeleton (D:7)
  7 gnolls
  2 adders
  A river rat (Lair:1)
  3 shadow imps
  An adder zombie (Ossuary)
  2 orcs
  A ball python (D:7)
  2 giant cockroaches
  2 hobgoblins
  5 jackals
  A jackal zombie (Ossuary)
  4 kobolds (D:9)
  A quokka skeleton (D:7)
  A quokka zombie (Ossuary)
  A rat (D:1)
  A fungus (D:9)
86 creatures vanquished.

Vanquished Creatures (others)
  A fungus (Lair:3)
  A withered plant (Ossuary)
2 creatures vanquished.

Grand Total: 88 creatures vanquished

Notes
Turn   | Place    | Note
-------+----------+-------------------------------------------
     0 | D:1      | 4thArraOfDagon the Troll Monk began the quest for the Orb.
     0 | D:1      | Reached XP level 1. HP: 22/22 MP: 0/0
   137 | D:2      | Reached XP level 2. HP: 25/29 MP: 1/1
   271 | D:3      | Reached skill level 4 in Unarmed Combat
   278 | D:3      | Reached XP level 3. HP: 24/36 MP: 2/2
   331 | D:4      | Reached skill level 5 in Unarmed Combat
   331 | D:4      | Reached XP level 4. HP: 40/44 MP: 3/3
   398 | D:5      | Entered Level 5 of the Dungeon
   461 | D:6      | Reached XP level 5. HP: 46/50 MP: 4/4
   498 | D:6      | Found a sand-covered staircase.
   506 | D:6      | Reached skill level 6 in Unarmed Combat
   511 | Ossuary  | Entered an ossuary
   555 | Ossuary  | Reached skill level 1 in Shields
   573 | Ossuary  | Reached XP level 6. HP: 59/59 MP: 5/5
   599 | Ossuary  | Reached skill level 7 in Unarmed Combat
   631 | Ossuary  | Reached XP level 7. HP: 37/66 MP: 6/6
   753 | Ossuary  | Reached skill level 8 in Unarmed Combat
   854 | D:7      | Found Upraimah's Magic Scroll Emporium.
   863 | D:7      | Bought a scroll of identify for 20 gold pieces
   947 | D:7      | Noticed Prince Ribbit
   953 | D:7      | Killed Prince Ribbit
   953 | D:7      | Reached skill level 9 in Unarmed Combat
   953 | D:7      | Reached XP level 8. HP: 74/74 MP: 7/7
  1050 | D:7      | Gained mutation: You are partially covered in molten scales. (AC +2) [mutagenic meat]
  1053 | D:7      | Gained mutation: You have a pair of small antennae on your head. [mutagenic meat]
  1056 | D:7      | Gained mutation: You are clumsy. (Dex -2) [mutagenic meat]
  1272 | D:9      | Reached skill level 10 in Unarmed Combat
  1285 | D:9      | Got a shimmering trident
  1286 | D:9      | Found a staircase to the Lair.
  1310 | Lair:1   | Entered Level 1 of the Lair of Beasts
  1356 | Lair:1   | Noticed a hippogriff
  1379 | Lair:1   | Killed a hippogriff
  1379 | Lair:1   | Reached XP level 9. HP: 21/80 MP: 8/8
  1420 | Lair:1   | Reached skill level 5 in Shields
  1506 | Lair:1   | Learned a level 5 spell: Blade Hands
  1520 | Lair:2   | Noticed a spiny frog
  1595 | Lair:3   | Noticed a seven-headed hydra
  1621 | Lair:3   | Found a staircase to the Shoals.
  1634 | Lair:3   | Noticed a torpor snail
  1634 | Lair:3   | Noticed a death yak
  1636 | Lair:3   | Noticed a death yak
  1683 | Lair:3   | Noticed a black mamba
  1692 | Lair:3   | Killed a black mamba
  1692 | Lair:3   | Reached skill level 11 in Unarmed Combat
  1726 | Lair:3   | Quit the game

Vault maps used:
D:1:      dpeg_arrival_long_road, serial_forest, infiniplex_forest_clump_large,
          infiniplex_forest_clump_small, infiniplex_forest_clump_large,
          infiniplex_forest_lined_3_way, infiniplex_forest_clump_small,
          infiniplex_forest_lined_4_way, infiniplex_forest_straight_2,
          infiniplex_forest_corner_2
D:2:      first_bread
D:3:      ashenzari_altar_1
D:4:      kennysheep_six_static_rooms
D:6:      gup_ossuary_entry_pyramid
D:7:      serial_shops, nicolae_shop_stone, uniq_prince_ribbit1
D:9:      dpeg_oklobed_lair, uniq_psyche
Lair:1:   serial_bayou_lagoon_b
Lair:2:   serial_forest, infiniplex_forest_3_way, infiniplex_forest_clump_tiny,
          infiniplex_forest_straight_2, infiniplex_forest_straight_1,
          infiniplex_forest_clump_double, infiniplex_forest_lined_room_3,
          lemuel_fruit_tree, bh_autumn_forest_stairs
Lair:3:   elwin_shoals_entry_rocks, st_stairs_7, uniq_sonja
Ossuary:  ossuary_zaba_flooded

Skill      XL: |  1  2  3  4  5  6  7  8  9 |
---------------+----------------------------+-----
Unarmed Combat | 4 5 6 7 9 10 11 | 11.2
Shields        | 1 2 3 4 5 |  5.4
Fighting       | |  2.4
Dodging        | |  2.4
Stealth        | |  1.1

Action                   |  1- 3 |  4- 6 |  7- 9 || total
-------------------------+-------+-------+-------++-------
Melee: Unarmed           |    47 |   110 |   233 ||   390
       Punch             |     2 |     1 |       ||     3
Evoke: Wand              |       |       |     1 ||     1
  Use: Scroll            |       |     4 |     4 ||     8
       Potion            |       |       |     1 ||     1
 Stab: Sleeping          |     1 |       |     4 ||     5
       Paralysed         |       |       |     3 ||     3
       Distracted        |       |       |     1 ||     1
  Eat: Chunk             |     4 |     4 |    15 ||    23
Armor: Robe              |    14 |    28 |    55 ||    97
Dodge: Dodged            |    19 |    16 |    42 ||    77
Block: Large shield      |       |    30 |   138 ||   168
